 Dungeon Crawl Stone Soup version 0.23.2-1-ga50397a (webtiles) character file.

Game seed: 4982590476216465182

74 Fang the Skirmisher (level 4, 0/29 HPs)
             Began as a Gargoyle Berserker on Apr 23, 2019.
             Was a Believer of Trog.
             Slain by an adder (4 damage)
             ... on level 2 of the Dungeon.
             The game lasted 00:02:21 (1015 turns).

Fang the Skirmisher (Gargoyle Berserker)            Turns: 1015, Time: 00:02:21

Health: 0/29       AC:  5    Str: 21    XL:     4   Next: 28%
Magic:  4/4        EV: 12    Int:  8    God:    Trog [**....]
Gold:   57         SH:  0    Dex:  9    Spells: 3/3 levels left

rFire    . . .     SeeInvis .   a - +0 hand axe
rCold    . . .     Gourm    .   (no shield)
rNeg     + . .     Faith    .   b - +0 animal skin
rPois    ∞         Spirit   .   (no helmet)
rElec    +         Reflect  .   (no cloak)
rCorr    .         Harm     .   (no gloves)
MR       .....                  (no boots)
Stlth    +.........             (no amulet)
HPRegen  0.09/turn              (no ring)
MPRegen  0.09/turn              (no ring)

@: berserk cooldown, slowed, very slow
A: negative energy resistance 1, electricity resistance, unbreathing,
petrification resistance, rot immunity, AC +3
a: Berserk, Trog's Hand, Renounce Religion


You were on level 2 of the Dungeon.
You worshipped Trog.
Trog was pleased with you.
You were not hungry.

You visited 1 branch of the dungeon, and saw 2 of its levels.

You collected 57 gold pieces.

Inventory:

Hand Weapons
 a - a +0 hand axe (weapon)
Armour
 b - a +0 animal skin (worn)
Wands
 m - a wand of digging (5)
Scrolls
 d - 2 scrolls of identify {unknown}
 e - a scroll of fear {unknown}
 f - a scroll of enchant weapon {unknown}
 g - a scroll of amnesia {unknown}
 h - a scroll of remove curse {unknown}
Potions
 i - a potion of brilliance {unknown}
 j - a potion of heal wounds {unknown}
 k - a potion of haste {unknown}
 l - a potion of lignification {unknown}
 n - a potion of curing {unknown}
Comestibles
 c - 5 rations
 o - 3 chunks of flesh


   Skills:
 + Level 4.0 Fighting
 + Level 3.2 Axes
 + Level 3.0 Armour
 + Level 2.2 Dodging


You had 3 spell levels left.
You didn't know any spells.
Your spell library was empty.

Dungeon Overview and Level Annotations

Branches:
Dungeon (2/15)

Altars:


Innate Abilities, Weirdness & Mutations

You are resistant to torment.
Your stone body is resilient. (AC +3)
You are immune to poison.
You resist negative energy. (rN+)
You are resistant to electric shocks. (rElec)
You can survive without breathing.
You are immune to petrification.
You are immune to rotting.


Message History

Eating one of 4 chunks of flesh.
You eat one of the 4 chunks of flesh.
This raw flesh tastes terrible.
An adder comes into view.
You see here a goblin corpse.
An adder is nearby!
You are too injured to fight recklessly!
Things that are here:
a +0 dagger; 12 gold pieces; a goblin corpse The adder closely misses you.
You see here a +0 club.
You slash the adder!
The adder is almost dead.
The adder bites you.
* * * LOW HITPOINT WARNING * * *
The adder barely misses you.
A giant cockroach comes into view.
You closely miss the adder.
The adder is almost dead.
The adder bites you.
You die...

.♣ ♣♣ ## #.. #[♣ P. .#
#... #.♣ ..P♣.# P...##
#.♣♣ ....# ..P..#
#..♣♣♣♣P♣.# ♣P...#
#.........# .#
P....####.........##...s
♣ ♣.P..........)@S......
♣♣♣P.P.##...)†)†).##.#..
♣.♣P..###...)...).#
♣P...####.........#
P.......###########
♣.......# #####
........# #...#
.'......# ##♣#♣.♣.#
##......# ##.......#


You could see an adder and a giant cockroach (wandering).

Vanquished Creatures
  Robin (D:2)
  An ooze (D:1)
  2 worms (D:2)
  A dart slug (D:1)
  2 giant cockroaches
  16 goblins
  8 hobgoblins
  A quokka (D:2)
  4 bats (D:1)
  4 frilled lizards
  4 kobolds
  3 rats (D:1)
47 creatures vanquished.

Notes
Turn   | Place    | Note
-------+----------+-------------------------------------------
     0 | D:1      | Fang the Gargoyle Berserker began the quest for the Orb.
     0 | D:1      | Reached XP level 1. HP: 14/14 MP: 1/1
    60 | D:1      | Reached XP level 2. HP: 12/19 MP: 2/2
   272 | D:1      | Reached XP level 3. HP: 18/24 MP: 3/3
   606 | D:2      | Reached ** piety under Trog
   979 | D:2      | Noticed Robin
   993 | D:2      | Killed Robin
   993 | D:2      | Reached XP level 4. HP: 5/29 MP: 4/4
   994 | D:2      | Reached skill level 4 in Fighting
  1015 | D:2      | Slain by an adder

Skill      XL: |  1  2  3  4 |
---------------+-------------+-----
Axes           | 3 |  3.2
Dodging        | 2 |  2.2
Fighting       | 4 |  4.0
Armour         | 3 |  3.0

Action                   |  1- 3 |  4- 6 || total
-------------------------+-------+-------++-------
Melee: Hand axe          |   136 |     9 ||   145
Invok: Berserk           |     1 |       ||     1
  Eat: Chunk             |       |     1 ||     1
Armor: Animal skin       |    41 |     1 ||    42
Dodge: Dodged            |    91 |    10 ||   101
